 Dungeon Crawl Stone Soup version 0.24-a0-92-g7d8ec57 (console) character file.

Game seed: 10110797045396220522

186 Duffy the Conjurer (level 5, 28/42 HPs)
             Began as a Naga Fire Elementalist on Feb 9, 2019.
             Quit the game on level 2 of the Dungeon.
             The game lasted 00:01:56 (1402 turns).

Duffy the Conjurer (Naga Fire Elementalist)         Turns: 1402, Time: 00:01:56

Health: 28/42      AC:  3    Str: 10    XL:     5   Next: 66%
Magic:  8/9        EV: 10    Int: 16    God:
Gold:   86         SH:  0    Dex: 12    Spells: 6/10 levels left

rFire    . . .     SeeInvis +   c - 2 rations
rCold    . . .     Gourm    .   (no shield)
rNeg     . . .     Faith    .   a - +0 robe
rPois    +         Spirit   .   n - +0 helmet (curse)
rElec    .         Reflect  .   (no cloak)
rCorr    .         Harm     .   (no gloves)
MR       +....                  (no barding)
Stlth    +.........             (no amulet)
HPRegen  0.14/turn              d - ring of attention (curse)
MPRegen  0.11/turn              i - ring of protection from magic

@: very slow
A: large, see invisible, deformed body, poison resistance, slowness 2, slow
metabolism 1, spit poison 1, AC +1
a: Spit Poison


You were on level 2 of the Dungeon.
You were not hungry.

You visited 1 branch of the dungeon, and saw 3 of its levels.

You collected 86 gold pieces.

Inventory:

Armour
 a - a +0 robe (worn)
 n - a cursed +0 helmet (worn)
Jewellery
 d - a cursed ring of attention (left hand)
 i - a ring of protection from magic (right hand)
Scrolls
 b - 2 scrolls of remove curse {unknown}
 f - 2 scrolls of enchant armour {unknown}
 g - a scroll of teleportation {unknown}
 k - a scroll of immolation {unknown}
Potions
 e - 2 potions of curing {unknown}
 h - 2 potions of mutation {unknown}
 j - a potion of flight {unknown}
 l - a potion of haste {unknown}
 m - a potion of agility {unknown}
Comestibles
 c - 2 rations (in hand)
 o - a chunk of flesh


   Skills:
 - Level 1.5 Dodging
 - Level 3.0 Stealth
 + Level 3.0 Spellcasting
 + Level 3.9 Conjurations
 + Level 3.9 Fire Magic


You had 6 spell levels left.
You knew the following spells:

 Your Spells              Type           Power        Failure   Level  Hunger
h - Flame Tongue          Conj/Fire      ###..        3%          1    #......
l - Conjure Flame         Conj/Fire      ###.....     11%         3    ###....

Your spell library contained the following spells:

 Spells                   Type           Power        Failure   Level  Hunger
 Throw Flame              Conj/Fire      ###...       5%          2    ##.....
 Inner Flame              Hex/Fire       #.......     26%         3    ###....
 Sticky Flame             Conj/Fire      ###.....     36%         4    #####..
 Fireball                 Conj/Fire      ###.......   71%         5    ######.


Dungeon Overview and Level Annotations

Branches:
Dungeon (3/15)

Altars:

Annotations:
D:2 Terence


Innate Abilities, Weirdness & Mutations

You cannot wear boots.
Your serpentine skin is tough. (AC +1)
You have supernaturally acute eyesight. (SInv)
Armour fits poorly on your strangely shaped body.
Your system is resistant to poisons. (rPois)
You cover ground very slowly.
You have a slow metabolism.
You can spit poison.


Message History

Things that are here:
a +0 scythe; a +0 robe; the human skeleton of Sigmund Eating one of 3 chunks of flesh.
You eat one of the 3 chunks of flesh.
This raw flesh tastes terrible.
Magic restored.
Eating one of 2 chunks of flesh.
You eat one of the 2 chunks of flesh.
This raw flesh tastes terrible.
A frilled lizard comes into view.
The frilled lizard hisses angrily.
Cast which spell? (? or * to list)
Aiming: Flame Tongue (safe; 3% risk of failure)
Press: ? - help, Shift-Dir - straight line, f - frilled lizard
Aim: a frilled lizard The flame tongue hits the frilled lizard!
You kill the frilled lizard!
Cast which spell? (? or * to list)
You can't see any susceptible monsters within range! (Use Z to cast anyway.) Cast which spell? (? or * to list)
You can't see any susceptible monsters within range! (Use Z to cast anyway.) Are you sure you want to abandon this character and quit the game? (Confirm with "yes".)

.# ###### .###
#.....#...
##.....#..#
..........#
#..).$...#
#........# #
##...##########
#.#<.....@.%.....
##......).#######.
#...........#
..........>.#.#
###.##.....##.# #.
##...## # # ##...
#####


There were no monsters in sight!

Vanquished Creatures
  Sigmund (D:2)
  An adder (D:3)
  An ooze (D:1)
  5 bats
  3 giant cockroaches
  4 hobgoblins (D:1)
  A quokka (D:2)
  5 frilled lizards
  2 kobolds
  4 rats (D:1)
27 creatures vanquished.

Notes
Turn   | Place    | Note
-------+----------+-------------------------------------------
     0 | D:1      | Duffy the Naga Fire Elementalist began the quest for the
                  | Orb.
     0 | D:1      | Reached XP level 1. HP: 15/15 MP: 3/3
   370 | D:1      | Reached XP level 2. HP: 15/22 MP: 3/5
   827 | D:1      | Reached XP level 3. HP: 23/28 MP: 2/6
   832 | D:1      | Learned a level 3 spell: Conjure Flame
  1146 | D:2      | Noticed Terence
  1201 | D:2      | Noticed Sigmund
  1354 | D:2      | Killed Sigmund
  1354 | D:2      | Reached XP level 4. HP: 18/36 MP: 6/8
  1354 | D:2      | Reached XP level 5. HP: 21/42 MP: 6/9
  1402 | D:2      | Quit the game

Levels and vault maps discovered:
D:1:      dpeg_arrival_court, layout_basic
D:2:      layout_loops_ring, grunt_gozag_breadcrumbs, lemuel_crystal_altar,
          first_ration, uniq_sigmund, uniq_terence
D:3:      layout_loops_ring, uniq_robin, uniq_grinder

Skill      XL: |  1  2  3 |
---------------+----------+-----
Conjurations   | 2 3 |  3.9
Spellcasting   | 3 |  3.0
Dodging        | |  1.5
Stealth        | |  3.0
Fire Magic     | |  3.9

Action                   |  1- 3 |  4- 6 || total
-------------------------+-------+-------++-------
 Cast: Flame Tongue      |    28 |     1 ||    29
 Abil: Spit Poison       |    24 |       ||    24
  Eat: Chunk             |     1 |     2 ||     3
Armor: Robe              |     4 |       ||     4
Dodge: Dodged            |    21 |       ||    21

Table legend:
 A = Non-vault XP
 B = Vault XP
 C = Vault XP percentage of total XP
 D = Non-vault monster count
 E = Vault monster count
 F = Vault count percentage of total count
                 A         B        C        D         E       F
            +---------+---------+-------+---------+---------+-------
      Total |      55 |     212 |  79.4 |      26 |       1 |   3.7
            +---------+---------+-------+---------+---------+-------
        D:1 |      34 |       0 |   0.0 |      20 |       0 |   0.0
        D:2 |       6 |     212 |  97.2 |       4 |       1 |  20.0
        D:3 |      15 |       0 |   0.0 |       2 |       0 |   0.0
            +---------+---------+-------+---------+---------+-------
